 Dungeon Crawl Stone Soup version 0.30-a0-743-gbfdf073431 (webtiles) character file.

Game seed: 2813921359714784710

2499047 ragingrage the Evocator (level 27, 228/228 HPs)
             Began as a Djinni Conjurer on Feb 6, 2023.
             Was a High Priest of Ashenzari.
             Escaped with the Orb
             ... and 4 runes!
             The game lasted 02:14:29 (61898 turns).

ragingrage the Evocator (Djinni Conjurer)          Turns: 61898, Time: 02:14:30

Health: 228/228    AC: 26    Str:  4      XL:     27
Gold:   8364       EV: 24    Int: 27 (29) God:    Ashenzari [*****.] SH:  4 Dex: 15

rFire   + + .      SeeInvis +    N - +12 pair of quick blades "Gyre" and "Gimble" {protect, Melee, Self} (curse)
rCold   + . .      Faith    .    (shield currently unavailable)
rNeg    + + +      Spirit   .    m - +4 troll leather armour "Shattered With Me" {Regen+, Fort, Self} (curse)
rPois   ∞          Reflect  .    M - +0 helmet of the Mantic Empyrean {rC+ rN+ Will++, Evo, Cun} (curse)
rElec   +          Harm     .    x - +2 cloak "Share My Dismay" {rCorr, Cun, Self} (curse)
rCorr   +          Rampage  .    U - +2 pair of gloves of the Prescient Disgust {hurl, Cun, Self} (curse)
Will    ++++.      Clarity  +    (boots unavailable)
Stlth   +++                      b - amulet of Ashenzari's Loss {Regen+, Evo, Self} (curse)
HPRegen 2.18/turn                Y - ring "Muovvyny" {+Blink rElec rC+ rN+++ Str-2}
MPRegen 0.00/turn                C - ring of the Tortoise {AC+8, Fort, Range} (curse)

@: flying, studying 3 skills
A: sickness immunity, fire resistance 2, cold vulnerability 1, float, innate
caster, HP casting, extra vitality 1, large bone plates 1, deformed body, dopey
1, screaming 2
0: Orb of Zot
}: 4/15 runes: serpentine, barnacled, slimy, silver
a: Renounce Religion, Evoke Blink, Shatter the Chains


You escaped.
You worshipped Ashenzari.
Ashenzari was extremely pleased with you.
You visited 11 branches of the dungeon, and saw 53 of its levels.
You visited 1 ziggurat, and saw 15 of its levels.
You also visited: Trove, Ossuary, Gauntlet and Ice Cave.

You collected 9455 gold pieces.
You spent 1091 gold pieces at shops.

Inventory:

Hand Weapons
 N - the cursed +12 pair of quick blades "Gyre" and "Gimble" (weapon) {protect, Melee, Self}
   (You found it on level 3 of the Lair of Beasts)

   It has a curse which improves the following skills: Melee Combat: Short
   Blades, Long Blades, Axes, Maces & Flails, Polearms, Staves and Unarmed
   Combat.
   Introspection: Fighting and Spellcasting.
Missiles
 B - 6 throwing nets
 P - 12 curare-tipped darts
Armour
 g - the +3 cloak "Xeixeamimu" {rN++ Int+2 Dex-2}
   (You found it on level 3 of the Lair of Beasts)

   Int:       It affects your intelligence (+2).
   Dex:       It affects your dexterity (-2).
   rN:        It greatly protects you from negative energy.
 m - the cursed +4 troll leather armour "Shattered With Me" (worn) {Regen+, Fort, Self}
   (You found it on level 10 of the Dungeon)

   Regen:     It increases your rate of health regeneration.
   It has a curse which improves the following skills: Fortitude: Armour and
   Shields.
   Introspection: Fighting and Spellcasting.
 x - the cursed +2 cloak "Share My Dismay" (worn) {rCorr, Cun, Self}
   (You took it off Nikola on level 1 of the Vaults)

   It has a curse which improves the following skills: Cunning: Dodging and
   Stealth.
   Introspection: Fighting and Spellcasting.
 M - the cursed +0 helmet of the Mantic Empyrean (worn) {rC+ rN+ Will++, Evo, Cun}
   (You found it on level 15 of the Dungeon)

   rC:        It protects you from cold.
   rN:        It protects you from negative energy.
   Will:      It greatly increases your willpower.
   It has a curse which improves the following skills: Evocations: Evocations.
   Cunning:   Dodging and Stealth.
 U - the cursed +2 pair of gloves of the Prescient Disgust (worn) {hurl, Cun, Self}
   (You found it on level 5 of the Vaults)

   It has a curse which improves the following skills: Cunning: Dodging and
   Stealth.
   Introspection: Fighting and Spellcasting.
 Z - the +2 hat of the Tick {rF- Int+8 Slay+2 Stlth-}
   (You found it in a Gauntlet)

   Int:       It affects your intelligence (+8).
   Slay:      It affects your accuracy & damage with ranged weapons and melee
   (+2).
   rF:        It makes you vulnerable to fire.
   Stlth:     It makes you less stealthy.
Jewellery
 b - the cursed amulet of Ashenzari's Loss (around neck) {Regen+, Evo, Self}
   (You took it off a goblin on level 12 of the Dungeon)

   [amulet of regeneration]

   Regen:     It increases your rate of health regeneration.
   It has a curse which improves the following skills: Evocations: Evocations.
   Introspection: Fighting and Spellcasting.
 j - the amulet of Icohosh {Acrobat rN+ Will+++ Int+4 Stlth-}
   (You found it in a treasure trove)

   [amulet of the acrobat]

   It increases your evasion while moving and waiting.
   Int:       It affects your intelligence (+4).
   rN:        It protects you from negative energy.
   Will:      It greatly increases your willpower.
   Stlth:     It makes you less stealthy.
 C - the cursed ring of the Tortoise (right hand) {AC+8, Fort, Range}
   (You found it in a treasure trove)

   [ring of protection]

   AC:        It affects your AC (+8).
   It has a curse which improves the following skills: Fortitude: Armour and
   Shields.
   Ranged Combat: Ranged Weapons and Throwing.
 J - the ring of Kodef {rElec Str+4 Dex+7 Slay+4}
   (You found it on level 12 of a ziggurat)

   [ring of slaying]

   Str:       It affects your strength (+4).
   Dex:       It affects your dexterity (+7).
   Slay:      It affects your accuracy & damage with ranged weapons and melee
   (+4).
   rElec:     It insulates you from electricity.
 Y - the ring "Muovvyny" (left hand) {+Blink rElec rC+ rN+++ Str-2}
   (You took it off a vault warden on level 5 of the Vaults)

   [ring of protection from cold]

   Str:       It affects your strength (-2).
   rC:        It protects you from cold.
   rElec:     It insulates you from electricity.
   rN:        It renders you almost immune to negative energy.
   +Blink:    It lets you blink.
Wands
 D - a wand of flame (97)
 F - a wand of mindburst (52)
 I - a wand of charming (88)
 K - a wand of iceblast (39)
 Q - a wand of digging (6)
 R - a wand of acid (32)
Scrolls
 c - 15 scrolls of fear
 d - 5 scrolls of poison
 k - 41 scrolls of teleportation
 r - 12 scrolls of blinking
 s - 6 scrolls of enchant armour
 u - 7 scrolls of fog
 v - 9 scrolls of magic mapping
 w - 21 scrolls of immolation
 y - 5 scrolls of summoning
 z - 6 scrolls of torment
 T - 13 scrolls of vulnerability
 W - a scroll of silence
Potions
 e - 4 potions of invisibility
 f - 11 potions of ambrosia
 i - 9 potions of haste
 l - 29 potions of curing
 n - 15 potions of mutation
 o - 11 potions of lignification
 p - 2 potions of brilliance
 q - 9 potions of cancellation
 t - 8 potions of resistance
 E - 11 potions of berserk rage
 G - 4 potions of might
 H - 18 potions of heal wounds
 L - 9 potions of attraction
Miscellaneous
 a - a condenser vane
 h - a tin of tremorstones (2/2)
 A - a phial of floods
 S - a phantom mirror
 V - a box of beasts


   Skills:
 - Level 21.0(27) Fighting
 - Level 7.2(9.6) Short Blades
 + Level 5.1(7.4) Throwing
 + Level 15.1(18.5) Armour
 - Level 22.4(26.4) Dodging
 + Level 18.9(23.1) Stealth
 - Level 10.1(13.6) Shields
 + Level 20.8(26.8) Spellcasting
 + Level 23.2(26.2) Evocations


You couldn't memorise any spells.
You knew the following spells:

 Your Spells              Type           Power      Damage    Failure   Level
a - Wereblood             Tmut           100%       N/A       0%          2
b - Death Channel         Necr           55%        N/A       0%          6
c - Dragon's Call         Summ           55%        N/A       1%          9
d - Fulminant Prism       Conj/Hex       55%        3d24      0%          4
e - Iskenderun's Mystic   Conj/Tloc      100%       2d19      0%          4
f - Sting                 Tmut/Pois      100%       1d8       0%          1
g - Magic Dart            Conj           100%       1d8       0%          1
h - Teleport Other        Tloc           100%       N/A       0%          3
i - Kindle Blastsparks    Fire/Tloc/Air  100%       2d18      0%          3
j - Dispel Undead         Necr           100%       3d31      0%          4
k - Freezing Cloud        Conj/Ice/Air   55%        6-21      0%          5
l - Searing Ray           Conj           100%       2d8       0%          2
m - Dazzling Flash        Conj/Hex       100%       N/A       0%          3
n - Enfeeble              Hex            55%        N/A       0%          7
o - Ignition              Fire           55%        3d15      1%          8
p - Storm Form            Tmut/Air       55%        N/A       0%          7
q - Summon Hydra          Summ           55%        N/A       0%          7
r - Death's Door          Necr           55%        N/A       1%          9
Your spell library was empty.

Dungeon Overview and Level Annotations

Branches:
Dungeon (15/15)            Temple (1/1) D:6            Lair (5/5) D:10
 Shoals (4/4) Lair:2        Snake (4/4) Lair:2        Slime (5/5) Lair:4
    Orc (2/2) D:12            Elf (3/3) Orc:2        Vaults (5/5) D:13
  Crypt (0/3) Vaults:2     Depths (4/4) D:15            Zot (5/5) Depths:4
Ossuary (visited)           IceCv (visited)         Gauntlet (visited)

Altars:
Ashenzari
Cheibriados
Dithmenos
Elyvilon
Fedhas
Gozag
Makhleb
Okawaru
Ru
Trog
The Shining One
Lugonu

Shops:
D:13 (   Orc:2 ?[==   Elf:1 ?   Elf:2 [   Elf:3 ?   Snake:2 ==:   Snake:3 =
Vaults:3 (   Vaults:4 [   Depths:2 *   Depths:4 *

Portals:
Hell: Depths:1 Depths:2 Depths:3 Depths:4
Abyss: Slime:3 Depths:3
Pandemonium: Depths:2 Depths:4

Annotations:
D:5 exclusion: downstairs
D:13 exclusion: downstairs
Elf:2 3 runed translucent doors
Vaults:2 Mara
Vaults:4 2 transporters, Konionua's ghost, adept KoEn
Depths:1 exclusions: hell beast, hell hog, 4 hell knights and 1 more exclusion
Depths:4 3 runed translucent doors, exclusion: obsidian statue, MrSquiggles's ghost, adept MiFi


Innate Abilities, Weirdness & Mutations

You are immune to sickness and miasma.
You are immune to poison.
Your flesh is very heat resistant. (rF++)
You are vulnerable to cold. (rC-)
You float through the air rather than walking.
You learn spells naturally, not from books.
Your magical power is your life essence.
You have superior vitality. (+4 MHP)
You are partially covered in large bone plates. (SH +4)
Armour fits poorly on your strangely shaped body.
You are dopey. (Int -2)
You frequently scream uncontrollably at your foes.


Message History

You kill the red devil!
(D) Dungeon (T) Temple (L) Lair (A) Shoals (P) Snake Pit (M) Slime Pits (O) Orcish Mines (E) Elven Halls (V) Vaults (C) Crypt (U) Depths (H) Hell (Z) Zot
Where to? (Enter - D:1 @ (x,y), ? - help)
There is a stone staircase leading up here.
You fly upwards.
Level annotation: exclusion: downstairs
There is a stone staircase leading down here.
A soul eater comes into view.
You scream at the soul eater!
There is a stone staircase leading up here.
You fly upwards.
There is a stone staircase leading down here.
(D) Dungeon (T) Temple (L) Lair (A) Shoals (P) Snake Pit (M) Slime Pits (O) Orcish Mines (E) Elven Halls (V) Vaults (C) Crypt (U) Depths (H) Hell (Z) Zot
Where to? (Enter - D:1 @ (x,y), ? - help)
An Orb Guardian comes into view.
There is a stone staircase leading up here.
You fly upwards.
There is a stone staircase leading down here.
(D) Dungeon (T) Temple (L) Lair (A) Shoals (P) Snake Pit (M) Slime Pits (O) Orcish Mines (E) Elven Halls (V) Vaults (C) Crypt (U) Depths (H) Hell (Z) Zot
Where to? (Enter - D:1 @ (x,y), ? - help)
You see here a +0 club.
There is a stone staircase leading up here.
You see here a +0 flail.
You fly upwards.
There is a stone staircase leading down here.
There is a stone staircase leading up here.
You fly upwards.
There is a stone staircase leading down here.
There is an open door here.
There is a staircase leading out of the dungeon here.
You have escaped!

#.##...#....#.#...#.#
####'####.......#.... ######
##PP#.#PP##........#.# #....#
##P~~#.#P.P##.....>.... #.##.#
##P~~~#.#PP.P##.........
##.##.####P~~~~#.#..P.P#..###..#.
...##.#..#P~~~~#.#..PPP#.....#...
#####...########.########.##....#
# #....'......@......+..#####..
#####.##########.#######...## #..
##.......#P.P..#.#~~~~P#....####.
##.##....#P.P..#.#~~~~P#..#....#.
...##....##P.P.#.#~~~P##..###..#.
#####..#.###P..#.#~~P###..# ##.#.
...##......##PP#.#PP####..# #.#.
##.##.......####+####.##..####...
##..........# #.####.##....##...


There were no monsters in sight!

Vanquished Creatures
  the Royal Jelly (Slime:5)
  2 dread liches (Zot:5)
  2 ancient liches
  An orb of fire (Zot:5)
  A royal mummy (Zig:15)
  Frederick (Depths:3)
  Saint Roka (Depths:2)
  4 Killer Klowns
  Nikola (Vaults:1)
  5 golden dragons
  5 pearl dragons
  A doom hound (Depths:3)
  9 tentacled monstrosities
  An Ice Fiend (Zot:1)
  7 Orb Guardians (Zot:5)
  2 liches
  A titan (Zig:9)
  A deep elf blademaster (Elf:3)
  A walking divine tome (Depths:3)
  A deep elf master archer (Elf:3)
  21 acid blobs
  2 quicksilver dragons
  3 sphinxes
  4 death cobs
  4 krakens
  A sphinx (shapeshifter) (Zig:8)
  10 shadow dragons
  2 draconian monks
  Donald (Snake:1)
  3 fire giants
  9 tengu reavers
  8 nagarajas
  8 storm dragons
  4 daevas
  A frost giant (shapeshifter) (Vaults:2)
  5 draconian knights
  5 frost giants
  13 azure jellies
  5 rockslimes
  Aizul (Snake:1)
  An iron dragon (Vaults:5)
  5 deep elf sorcerers
  A draconian scorcher (Zot:3)
  18 vault wardens
  3 ghost moths
  A draconian stormcaller (Zot:2)
  A draconian shifter (Zot:4)
  A reaper (Depths:4)
  A draconian annihilator (Zot:3)
  14 quicksilver oozes
  3 orc warlords
  4 deep elf elementalists (Elf:3)
  3 angels
  2 war gargoyles
  16 very ugly things
  A stone giant (shapeshifter) (Zig:8)
  A cacodemon (Zig:8)
  14 ironbound preservers
  5 ironbound thunderhulks
  12 stone giants
  A vampire knight (Depths:2)
  4 ophanim
  A bennu (Zig:15)
  5 black draconians
  5 green draconians
  8 red draconians
  6 apis
  2 deep elf demonologists
  8 yellow draconians
  7 purple draconians
  10 deep elf annihilators
  3 white draconians
  6 dire elephants (Vaults:4)
  A minotaur (Gauntlet)
  5 spark wasps
  9 deep elf death magi
  2 crystal guardians
  9 fire dragons
  2 mummy priests
  2 blizzard demons
  8 merfolk javelineers
  8 deep elf high priests
  Josephine (D:10)
  5 great orbs of eyes
  14 yaktaur captains
  7 ettins
  7 merfolk impalers
  5 hydras
  2 rakshasas (Depths:1)
  4 ice dragons
  A spriggan zombie (Depths:3)
  2 salamander tyrants
  A spriggan skeleton (Zig:15)
  31 vault guards
  2 ogre magi (Orc:2)
  Erolcha (Orc:2)
  A spriggan air mage (Depths:4)
  3 peacekeepers
  2 merfolk aquamancers (Shoals:4)
  2 anacondas
  8 centaur warriors
  2 merfolk avatars
  A catoblepas (D:13)
  2 ironbound frosthearts (Vaults:2)
  6 naga warriors
  3 deep troll shamans
  14 dancing weapons
  3 boulder beetles
  3 death scarabs
  3 two-headed ogres
  2 satyrs
  12 death yaks
  7 tengu warriors
  2 thrashing horrors (Gauntlet)
  4 orc high priests (Zig:10)
  3 hell hogs (Depths:2)
  A shock serpent (shapeshifter) (Vaults:5)
  10 hell knights
  4 deep troll earth magi
  9 naga sharpshooters
  2 spriggan berserkers
  3 shock serpents
  14 deep elf knights
  A shadow wraith (Vaults:3)
  5 iron trolls
  2 fire crabs (Zig:11)
  5 salamander mystics
  A soul eater (Depths:4)
  26 deep trolls
  4 glowing orange brains
  2 flayed ghosts
  7 sea snakes
  5 deep elf archers
  6 cherubim
  A glowing orange brain (shapeshifter) (Zig:9)
  An orb spider (Zig:3)
  32 harpies
  2 golden dragon zombies (Vaults:3)
  A golden dragon skeleton (Zig:15)
  9 lindwurms
  6 wizards
  4 phantasmal warriors
  A shadow dragon zombie (Depths:3)
  2 naga ritualists
  A tengu zombie (Zig:15)
  25 deep elf zephyrmancers
  10 necromancers
  22 ironbound convokers
  5 mana vipers
  A shining eye (shapeshifter) (Depths:2)
  16 deep elf pyromancers
  5 orc knights
  A mana viper (shapeshifter) (Vaults:5)
  4 oklob plants
  8 moths of wrath
  11 orc sorcerers
  6 shining eyes
  12 fauns
  15 ugly things
  6 cyclopes
  11 manticores
  A human skeleton (Vaults:4)
  10 elephants
  A fire giant skeleton (Vaults:3)
  14 naga magi
  18 vault sentinels
  3 guardian serpents
  Maurice (D:8)
  An ice statue (IceCv)
  36 black mambas
  2 frost giant skeletons
  3 water nymphs
  A smoke demon (Depths:4)
  A torpor snail (Gauntlet)
  9 salamanders
  8 merfolk sirens
  An apocalypse crab (Zig:8)
  2 molten gargoyles (Lair:5)
  9 cane toads
  4 gargoyles (D:8)
  3 eyes of devastation
  Psyche (D:12)
  21 yaktaurs
  7 rime drakes
  A nameless horror (Depths:2)
  2 kobold demonologists (D:13)
  A freezing wraith (Vaults:4)
  11 komodo dragons
  An ice devil (Depths:4)
  2 efreet
  A golden dragon simulacrum (Depths:3)
  4 tengu conjurers
  15 trolls
  A red devil (D:6)
  21 merfolk
  12 guardian mummies
  17 polar bears
  A hellwing (Depths:4)
  A queen bee (Lair:3)
  A wind drake (Shoals:3)
  17 blink frogs
  7 dream sheep
  6 snapping turtles
  A human simulacrum (Vaults:4)
  82 slime creatures
  5 flying skulls
  4 shadows (Gauntlet)
  A spriggan (shapeshifter) (D:13)
  A spriggan (Lair:3)
  A vampire (D:13)
  5 ushabtiu
  6 wraiths
  4 air elementals
  7 water elementals
  6 basilisks
  8 fire elementals
  18 humans (D:13)
  72 yaks
  A basilisk (shapeshifter) (D:13)
  A fire bat (shapeshifter) (Vaults:5)
  14 golden eyes
  4 wyverns
  2 elf zombies (Vaults:4)
  A chaos spawn (Zig:8)
  3 vampire mosquitoes (D:13)
  6 steam dragons
  A glowing shapeshifter zombie (Vaults:4)
  6 wargs
  Edmund (D:6)
  35 nagas
  5 acid dragons
  6 hell hounds
  13 water moccasins
  7 floating eyes
  2 sky beasts
  33 orc warriors
  6 black bears
  2 boggarts (Vaults:1)
  10 ogres
  24 wolves
  8 centaurs
  5 kobold brigands
  A phantom (D:2)
  A human zombie (Vaults:3)
  13 bullfrogs
  4 gnoll sergeants
  A necrophage (D:6)
  2 earth elementals (Elf:1)
  6 scorpions
  3 wights (D:8)
  32 killer bees
  5 howler monkeys
  5 lava snakes (Lair:5)
  3 hounds
  5 jellies
  16 orc priests
  4 small abominations (Gauntlet)
  4 iguanas
  39 orc wizards
  26 mummies
  28 gnolls
  6 adders
  A river rat (Lair:3)
  A shadow imp (D:5)
  3 white imps
  An ufetubus (D:5)
  2 worms
  2 dart slugs (D:2)
  90 orcs
  4 bats
  6 endoplasms
  3 giant cockroaches (D:1)
  9 goblins
  5 hobgoblins
  8 jackals
  15 kobolds
  3 quokkas
  7 ball pythons
  3 frilled lizards
  A gnoll skeleton (Ossuary)
  4 goblin skeletons (Ossuary)
  A kobold skeleton (Ossuary)
  2 orc skeletons (Ossuary)
  5 rats
  11 rat skeletons (Ossuary)
  2 lurking horrors (Slime:3)
  2 tentacles
1959 creatures vanquished.

Vanquished Creatures (collateral kills)
  2 dread liches (Zot:5)
  An ancient lich (Zot:5)
  4 orbs of fire
  A royal mummy (Zig:15)
  Sojobo (Vaults:4)
  3 Killer Klowns
  Margery (Vaults:4)
  A curse toe (Zot:4)
  4 golden dragons
  3 electric golems
  2 doom hounds (Depths:3)
  Jorgrun (Snake:1)
  8 tentacled monstrosities
  19 Orb Guardians
  A lich (Depths:3)
  Grunn (Depths:3)
  2 death cobs
  A deep elf blademaster (Elf:3)
  4 quicksilver dragons
  2 sphinxes
  4 shadow dragons
  6 storm dragons
  6 acid blobs
  2 tengu reavers (Vaults:5)
  2 draconian monks
  Roxanne (Shoals:4)
  Ilsuiw (Shoals:3)
  A draconian knight (Zot:5)
  2 azure jellies (Slime:5)
  2 deep elf sorcerers
  8 rockslimes
  5 fire giants
  4 frost giants
  A balrug (Zig:11)
  6 vault wardens
  A ghost moth (Zot:4)
  2 draconian shifters
  An iron dragon (Vaults:5)
  A quicksilver ooze (Slime:4)
  3 ironbound preservers
  The ghost of Cicylist the Cleaver, a journeyman FoFi of Okawaru (D:14)
  2 vampire knights
  2 war gargoyles
  4 stone giants
  An ironbound thunderhulk (Vaults:1)
  2 very ugly things
  A green draconian (Zot:2)
  A deep elf demonologist (Elf:3)
  6 black draconians
  3 red draconians
  A bennu (Zig:15)
  5 white draconians
  A spark wasp (Depths:2)
  3 dire elephants (Vaults:2)
  A spark wasp (shapeshifter) (Zig:8)
  3 purple draconians
  5 yellow draconians
  4 ettins
  2 mummy priests (Zig:15)
  A crystal guardian (D:14)
  6 fire dragons
  2 great orbs of eyes
  A yaktaur captain (Vaults:1)
  A quicksilver dragon skeleton (Zig:15)
  An entropy weaver (Zig:3)
  A hell beast (Depths:1)
  A rakshasa (Depths:1)
  A spriggan air mage (Depths:4)
  2 ice dragons
  5 salamander tyrants
  3 vault guards (Vaults:2)
  An ironbound frostheart (Vaults:4)
  An alligator snapping turtle (Shoals:4)
  A merfolk avatar (Shoals:3)
  An anaconda (Zig:13)
  3 centaur warriors
  A tengu warrior (Depths:2)
  A vampire mage (Depths:2)
  A naga sharpshooter (Snake:3)
  A deep troll shaman (Depths:2)
  A hell hog (Depths:1)
  12 hell knights
  3 deep troll earth magi (Depths:2)
  3 shock serpents
  2 sun demons (Depths:1)
  A soul eater (Depths:1)
  2 spriggans (Depths:2)
  3 iron trolls
  5 fire crabs (Zig:11)
  An iron troll (shapeshifter) (Zig:8)
  3 cherubim
  17 deep trolls
  A naga ritualist (Snake:2)
  A lindwurm (shapeshifter) (Zig:8)
  2 flayed ghosts
  A shadow dragon zombie (Zig:15)
  A swamp dragon (Zot:1)
  An orange crystal statue (D:14)
  2 deep elf archers
  A deep elf zephyrmancer (Depths:2)
  2 necromancers
  4 ironbound convokers
  A phantasmal warrior (Vaults:5)
  12 harpies
  2 cyclopes (D:13)
  A mana viper (Snake:2)
  2 shining eyes
  A wolf spider (Zig:3)
  2 salamanders
  4 ugly things
  A salamander (shapeshifter) (Depths:3)
  2 fauns (Shoals:3)
  An iron dragon skeleton (Zig:15)
  7 moths of wrath
  A merfolk siren (Shoals:4)
  4 black mambas
  An eye of devastation (Slime:3)
  27 slime creatures
  4 smoke demons (Depths:1)
  A vault sentinel (Vaults:1)
  An efreet (Zig:11)
  A komodo dragon (Lair:5)
  A freezing wraith (Vaults:5)
  2 yaktaurs
  5 merfolk
  3 wind drakes
  2 hornets (Depths:2)
  A snapping turtle (Shoals:1)
  A flying skull (Zig:15)
  A water elemental (Shoals:3)
  2 ushabtiu (Zig:15)
  2 fire elementals (Zig:11)
  A basilisk (Lair:5)
  2 humans (D:13)
  A vampire mosquito (D:14)
  A water moccasin (Lair:5)
  10 nagas
  An acid dragon (Zot:1)
  5 hell hounds
  3 orc warriors
  3 ettin simulacra (Depths:2)
  2 boggarts (Vaults:1)
  A centaur (D:13)
  An earth elemental (Zig:1)
  An orc priest (Orc:1)
  4 orc wizards
  2 mummies (Zig:15)
  10 orcs
  A goblin (D:12)
  A kobold (D:13)
  A tentacle (Shoals:3)
421 creatures vanquished.

Vanquished Creatures (others)
  A yellow draconian (Zot:2)
  A rakshasa (Depths:2)
  A sun demon (Depths:1)
  2 fire bats (Depths:1)
  2 orc wizards
  4 demonic plants (Gauntlet)
  170 fulminant prisms
  30 fungi
  78 plants
  32 tentacles
  5 toadstools (D:15)
326 creatures vanquished.

Grand Total: 2706 creatures vanquished

Notes
Turn   | Place    | Note
-------+----------+-------------------------------------------
     0 | D:1      | ragingrage the Djinni Conjurer began the quest for the Orb.
     0 | D:1      | ragingrage set off with the following spells memorised:
                  | Magic Dart, Searing Ray, Dazzling Flash, Fulminant Prism,
                  | Iskenderun's Mystic Blast.
     0 | D:1      | Reached XP level 1. HP: 15/15 MP: 0/0
    23 | D:1      | Reached skill level 1 in Fighting
    23 | D:1      | Reached XP level 2. HP: 16/22 MP: 0/0
   307 | D:1      | Reached XP level 3. HP: 26/27 MP: 0/0
   307 | D:1      | Learned a level 1 spell: Sting
  1264 | D:2      | Noticed a phantom
  1275 | D:2      | Killed a phantom
  1276 | D:2      | Reached XP level 4. HP: 14/34 MP: 0/0
  1276 | D:2      | Reached XP level 5. HP: 16/39 MP: 0/0
  1276 | D:2      | Learned a level 2 spell: Wereblood
  1636 | D:2      | Identified the +0 pair of boots "Emonenae" {+Blink}
  2947 | D:4      | Noticed a black bear
  2949 | D:4      | Reached XP level 6. HP: 38/46 MP: 0/0
  3804 | D:4      | Reached XP level 7. HP: 46/51 MP: 0/0
  3804 | D:4      | Learned a level 3 spell: Teleport Other
  4301 | D:5      | Entered Level 5 of the Dungeon
  4506 | D:5      | Reached skill level 5 in Spellcasting
  5047 | D:5      | Reached XP level 8. HP: 34/58 MP: 0/0
  5357 | D:5      | Reached skill level 5 in Fighting
  5574 | D:6      | Noticed a yak
  5574 | D:6      | Noticed a yak
  5574 | D:6      | Noticed a yak
  5574 | D:6      | Noticed a yak
  5574 | D:6      | Noticed a yak
  5575 | D:6      | Noticed a yak
  6843 | D:6      | Found an iron altar of Okawaru.
  6904 | D:6      | Killed a yak
  6905 | D:6      | Reached XP level 9. HP: 57/66 MP: 0/0
  6905 | D:6      | Learned a level 3 spell: Kindle Blastsparks
  7106 | D:6      | Found a staircase to the Ecumenical Temple.
  7136 | Temple   | Entered the Ecumenical Temple
  7327 | Temple   | Became a worshipper of Ashenzari the Shackled
  7441 | D:6      | Noticed Edmund
  7456 | D:6      | Killed Edmund
  8510 | D:7      | Reached XP level 10. HP: 59/75 MP: 0/0
  9338 | D:8      | Found a sand-covered staircase.
  9348 | Ossuary  | Entered an ossuary
  9946 | D:8      | Noticed a komodo dragon
 10094 | D:8      | Noticed Maurice
 10104 | D:8      | Killed Maurice
 10278 | D:8      | Noticed a gargoyle
 10305 | D:8      | Killed a gargoyle
 10395 | D:8      | Noticed a gargoyle
 10402 | D:8      | Killed a gargoyle
 10410 | D:8      | Noticed a gargoyle
 10416 | D:8      | Killed a gargoyle
 10427 | D:8      | Noticed a gargoyle
 10436 | D:8      | Killed a gargoyle
 11016 | D:8      | Reached * piety under Ashenzari
 11389 | D:8      | Reached skill level 10 in Spellcasting
 11389 | D:8      | Reached XP level 11. HP: 81/85 MP: 0/0
 11389 | D:8      | Learned a level 4 spell: Dispel Undead
 12996 | D:10     | Entered Level 10 of the Dungeon
 13396 | D:10     | Reached skill level 10 in Fighting
 13607 | D:10     | Noticed Josephine
 13621 | D:10     | Killed Josephine
 13909 | D:10     | Found a staircase to the Lair.
 14104 | D:11     | Noticed a two-headed ogre
 14110 | D:11     | Killed a two-headed ogre
 14110 | D:11     | Noticed a two-headed ogre
 14111 | D:11     | Reached XP level 12. HP: 92/94 MP: 0/0
 14119 | D:11     | Killed a two-headed ogre
 14277 | D:11     | Noticed a boulder beetle
 14375 | D:11     | Killed a boulder beetle
 14455 | D:11     | Reached ** piety under Ashenzari
 15358 | Lair:1   | Entered Level 1 of the Lair of Beasts
 15408 | Lair:1   | Reached skill level 1 in Armour
 16077 | Lair:1   | Reached skill level 5 in Stealth
 16176 | Lair:1   | Reached XP level 13. HP: 99/103 MP: 0/0
 16176 | Lair:1   | Learned a level 5 spell: Freezing Cloud
 16574 | Lair:2   | Found a staircase to the Snake Pit.
 16656 | Lair:2   | Reached skill level 5 in Dodging
 17227 | Lair:2   | Found a staircase to the Shoals.
 18018 | Lair:3   | Noticed a four-headed hydra
 18024 | Lair:3   | Killed a four-headed hydra
 18232 | Lair:3   | Reached *** piety under Ashenzari
 18649 | Lair:3   | Identified the +3 cloak "Xeixeamimu" {rN++ Int+2 Dex-2}
 18673 | Lair:3   | Reached XP level 14. HP: 86/114 MP: 0/0
 18840 | Lair:3   | Found the +12 pair of quick blades "Gyre" and "Gimble"
                  | {protect}
 19156 | Lair:4   | Reached skill level 1 in Short Blades
 19176 | Lair:4   | Found a staircase to the Slime Pits.
 20074 | Lair:5   | Entered Level 5 of the Lair of Beasts
 20189 | Lair:5   | Found a gate leading to a gauntlet.
 20222 | Gauntlet | Entered a Gauntlet
 20222 | Gauntlet | Found a transporter.
 20230 | Gauntlet | Found a transporter.
 20234 | Gauntlet | Found a transporter.
 20242 | Gauntlet | Found a transporter.
 20246 | Gauntlet | Found a transporter.
 20254 | Gauntlet | Found a transporter.
 20258 | Gauntlet | Found a transporter.
 20262 | Gauntlet | Found a runed translucent door.
 20264 | Gauntlet | Found a runed translucent door.
 20266 | Gauntlet | Found a transporter.
 20270 | Gauntlet | Found a transporter.
 20278 | Gauntlet | Found a transporter.
 20308 | Gauntlet | Found a transporter.
 20320 | Gauntlet | Found a transporter.
 20333 | Gauntlet | Found a transporter.
 20346 | Gauntlet | Found a transporter.
 20568 | Gauntlet | Reached skill level 5 in Short Blades
 20663 | Gauntlet | Identified Toqeh's Anthology of Electrocution and Hoarfrost
 20663 | Gauntlet | Identified the +2 hat of the Tick {rF- Int+8 Slay+2 Stlth-}
 20663 | Gauntlet | Identified the ring of the Original Sin {rElec rCorr Str+2
                  | SInv}
 20663 | Gauntlet | Identified the +1 troll leather armour "Fip Uciatonn"
                  | {Rampage rN+ Regen+}
 20663 | Gauntlet | Identified the ring "Nusogaw" {+Blink rF++ Str-4 Int+2
                  | SInv}
 20663 | Gauntlet | Noticed a minotaur
 20674 | Gauntlet | Killed a minotaur
 20946 | Lair:5   | Reached skill level 1 in Evocations
 20946 | Lair:5   | Reached XP level 15. HP: 118/122 MP: 0/0
 20946 | Lair:5   | Learned a level 6 spell: Death Channel
 20951 | Lair:5   | Found a large runed translucent door.
 20954 | Lair:5   | Found a large runed translucent door.
 21043 | Lair:5   | Reached skill level 2 in Evocations
 21266 | Lair:5   | Identified the +9 morningstar of the Vaults {venom, Fragile
                  | +Blink Int+6 SInv}
 21801 | D:12     | Found a staircase to the Orcish Mines.
 21809 | D:12     | Noticed Psyche
 21824 | D:12     | Killed Psyche
 22548 | D:13     | Reached skill level 3 in Evocations
 22806 | D:13     | Found a sacrificial altar of Ru.
 22829 | D:13     | Found Qeomem's Antique Weapon Emporium.
 22923 | D:13     | Reached skill level 10 in Dodging
 23155 | D:13     | Reached skill level 4 in Evocations
 23177 | D:13     | Found a gate to the Vaults.
 23434 | D:14     | Noticed Nessos
 23751 | D:14     | Found a runed translucent door.
 23766 | D:14     | Identified the +3 leather armour of Nairgh {Str+8 Dex-2}
 23808 | D:14     | Found a runed translucent gate.
 23808 | D:14     | Found a runed translucent gate.
 23808 | D:14     | Found a runed translucent gate.
 23808 | D:14     | Noticed Cicylist's ghost (journeyman FoFi)
 23809 | D:14     | Nessos changed into Nessos the dream sheep
 23809 | D:14     | Noticed Nessos
 23813 | D:14     | Killed Nessos the dream sheep
 23865 | D:14     | Found an opulent altar of Gozag.
 24182 | D:15     | Entered Level 15 of the Dungeon
 24209 | D:15     | Identified the +0 helmet of Life {rC+ rN+ Will++}
 24552 | D:15     | Reached XP level 16. HP: 128/129 MP: 0/0
 24660 | D:15     | Reached skill level 5 in Evocations
 24817 | D:15     | Found a staircase to the Depths.
 25468 | Snake:1  | Entered Level 1 of the Snake Pit
 25610 | Snake:1  | Identified the +1 kite shield of Exceptional Salvation
                  | {Dex+4}
 25610 | Snake:1  | Noticed Donald
 25635 | Snake:1  | Killed Donald
 25843 | Snake:1  | Noticed Jorgrun
 25857 | Snake:1  | Killed Jorgrun
 25949 | Snake:1  | Noticed Aizul
 25963 | Snake:1  | Killed Aizul
 26454 | Snake:2  | Found Emielup's Book Shop.
 26460 | Snake:2  | Found Buosmeor's Jewellery Shoppe.
 26460 | Snake:2  | Found Gewn's Jewellery Shoppe.
 26552 | Snake:2  | Reached skill level 6 in Evocations
 26863 | Snake:2  | Noticed a nagaraja
 26863 | Snake:2  | Noticed a nagaraja
 26871 | Snake:2  | Killed a nagaraja
 26876 | Snake:2  | Killed a nagaraja
 27185 | Snake:3  | Found Kotawow's Jewellery Emporium.
 27240 | Snake:3  | Reached skill level 15 in Fighting
 27544 | Snake:3  | Reached skill level 7 in Evocations
 27780 | Snake:3  | Reached XP level 17. HP: 137/137 MP: 0/0
 27780 | Snake:3  | Learned a level 7 spell: Summon Hydra
 27881 | Snake:4  | Entered Level 4 of the Snake Pit
 28934 | Snake:4  | Got a serpentine rune of Zot
 29142 | Shoals:1 | Entered Level 1 of the Shoals
 29453 | Shoals:1 | Reached skill level 8 in Evocations
 30083 | Shoals:2 | Reached **** piety under Ashenzari
 30471 | Shoals:2 | Noticed a kraken
 30507 | Shoals:2 | Killed a kraken
 30508 | Shoals:2 | Reached XP level 18. HP: 128/153 MP: 0/0
 30688 | Shoals:2 | Reached skill level 10 in Stealth
 30907 | Shoals:3 | Noticed Ilsuiw
 31028 | Shoals:3 | Killed Ilsuiw
 31029 | Shoals:3 | Reached skill level 9 in Evocations
 31029 | Shoals:3 | Noticed a kraken
 31038 | Shoals:3 | Killed a kraken
 31039 | Shoals:3 | Reached skill level 15 in Spellcasting
 31552 | Shoals:3 | Noticed a kraken
 31581 | Shoals:3 | Killed a kraken
 31915 | Shoals:4 | Entered Level 4 of the Shoals
 31915 | Shoals:4 | Identified Roxanne's Directory of Variation
 31915 | Shoals:4 | Noticed Roxanne
 31942 | Shoals:4 | Killed Roxanne
 32047 | Shoals:4 | Noticed a kraken
 32212 | Shoals:4 | Identified the +1 robe of Sloth {rF+ Str+3 Dex+2}
 32718 | Shoals:4 | Got a barnacled rune of Zot
 32747 | Shoals:4 | Killed a kraken
 33577 | D:14     | Killed Cicylist's ghost
 33689 | Vaults:1 | Entered Level 1 of the Vaults
 33732 | Vaults:1 | Reached XP level 19. HP: 150/157 MP: 0/0
 33732 | Vaults:1 | Learned a level 7 spell: Enfeeble
 33785 | Vaults:1 | Identified a scroll of acquirement
 33794 | Vaults:1 | Acquired a manual of Spellcasting
 33868 | Vaults:1 | Noticed Nikola
 33933 | Vaults:1 | Identified the +2 flail "Xiahastro" {venom, rN+ Int+6
                  | Stlth+}
 34075 | Vaults:1 | Killed Nikola
 34197 | Vaults:1 | Reached skill level 5 in Armour
 34877 | Vaults:2 | Found a staircase to the Crypt.
 34934 | Vaults:2 | Reached skill level 10 in Evocations
 35331 | Vaults:2 | Reached XP level 20. HP: 57/166 MP: 0/0
 36061 | Vaults:2 | Noticed Mara
 36401 | Vaults:2 | Reached skill level 11 in Evocations
 36489 | Vaults:2 | Noticed ragingrage's illusion
 36835 | Vaults:3 | Identified the +12 dagger of Kennyorr {venom, Fragile rPois
                  | rC++ Stlth+}
 37128 | Vaults:3 | Identified the +6 short sword "Symm" {holy, Str+4 SInv}
 37482 | Vaults:3 | Reached skill level 15 in Dodging
 37575 | Vaults:3 | Found Putrat's Antique Weapon Boutique.
 37710 | Vaults:4 | Noticed Sojobo
 37719 | Vaults:4 | Paralysed by an air elemental for 1 turns
 37915 | Vaults:4 | Reached XP level 21. HP: 104/175 MP: 0/0
 37915 | Vaults:4 | Learned a level 8 spell: Ignition
 37936 | Vaults:4 | Noticed Margery
 37941 | Vaults:4 | Killed Margery
 37954 | Vaults:4 | Reached skill level 12 in Evocations
 38189 | Vaults:4 | Found Haten's Antique Armour Shop.
 38667 | Vaults:4 | Killed Sojobo
 38877 | Vaults:4 | Noticed an ancient lich
 38880 | Vaults:4 | Noticed Konionua's ghost (adept KoEn)
 38889 | Vaults:4 | Found a transporter.
 38892 | Vaults:4 | Found a transporter.
 39008 | Vaults:4 | Found a portal to a secret trove of treasure.
 39432 | Orc:1    | Entered Level 1 of the Orcish Mines
 39515 | Orc:1    | Found a frozen archway.
 39570 | IceCv    | Entered an ice cave
 39956 | IceCv    | Reached skill level 13 in Evocations
 40767 | Orc:2    | Entered Level 2 of the Orcish Mines
 40767 | Orc:2    | Found a staircase to the Elven Halls.
 41206 | Orc:2    | Found Teowuc's Jewellery Shoppe.
 41219 | Orc:2    | Found Dev Nurch's Jewellery Emporium.
 41269 | Orc:2    | Noticed Erolcha
 41285 | Orc:2    | Killed Erolcha
 41380 | Orc:2    | Found Kiokh's Antique Armour Shoppe.
 41396 | Orc:2    | Found Itia's Magic Scroll Emporium.
 41408 | Orc:2    | Bought a scroll of teleportation for 51 gold pieces
 41408 | Orc:2    | Bought a scroll of teleportation for 51 gold pieces
 41408 | Orc:2    | Bought a scroll of teleportation for 51 gold pieces
 41408 | Orc:2    | Bought a scroll of fear for 68 gold pieces
 41415 | Orc:2    | Bought a twisted ring mail for 342 gold pieces
 41415 | Orc:2    | Identified the +0 ring mail of Ecriphif {Rampage *Slow +Inv
                  | rC+} (You bought it in a shop on level 2 of the Orcish
                  | Mines)
 41545 | Elf:1    | Entered Level 1 of the Elven Halls
 41561 | Elf:1    | Reached XP level 22. HP: 148/184 MP: 0/0
 41676 | Elf:1    | Found Iwnouriu's Magic Scroll Shop.
 41691 | Elf:1    | Bought a scroll of fear for 64 gold pieces
 41691 | Elf:1    | Bought a scroll of fear for 64 gold pieces
 41691 | Elf:1    | Bought a scroll of magic mapping for 120 gold pieces
 41718 | Elf:1    | Paralysed by an air elemental for 1 turns
 42804 | Elf:2    | Found Cufy's Armour Shoppe.
 42940 | Elf:2    | Found a runed translucent gate.
 42940 | Elf:2    | Found a runed translucent gate.
 42941 | Elf:2    | Found a runed translucent gate.
 43160 | Elf:3    | Entered Level 3 of the Elven Halls
 43325 | Elf:3    | Identified the +9 battleaxe of the Present {drain, rPois}
 43425 | Elf:3    | Found Ehyrutis's Magic Scroll Boutique.
 43429 | Elf:3    | Bought a scroll of blinking for 127 gold pieces
 43728 | Elf:3    | Paralysed by an air elemental for 1 turns
 44001 | Elf:3    | Reached skill level 10 in Armour
 44032 | Elf:3    | Identified the +5 hand axe of Togonlao {flame, rF+}
 44032 | Elf:3    | Identified the +0 morningstar "Dragonbane" {heavy, Dex+3}
 44032 | Elf:3    | Identified the +3 plate armour of Yptudwul {-Cast Regen+
                  | rCorr Stlth+}
 44034 | Elf:3    | Identified the ring "Kueluas" {rPois rF+ Stlth+}
 44034 | Elf:3    | Identified the +1 chain mail of Agnosticism {Dex+2}
 44040 | Elf:3    | Identified the ring "Oroagh" {rF- Will+ AC+4 Dex+6}
 44040 | Elf:3    | Identified the +12 demon whip of the Weasel {venom, rF+
                  | rN+}
 44040 | Elf:3    | Identified the +11 hand axe of Elumuy {freeze, rPois Str+3
                  | Dex+3}
 44040 | Elf:3    | Identified the +4 rapier "Orb Guardian's Peril" {holy,
                  | Drain rPois Int+2}
 44041 | Elf:3    | Identified the +2 ice dragon scales of Impermeability
                  | {*Slow rF- rC++ rN+++ Str-2 SInv}
 44044 | Elf:3    | Identified the amulet of Qucwir {Spirit +Inv rC++ Int+2}
 44543 | Vaults:5 | Entered Level 5 of the Vaults
 44545 | Vaults:5 | Reached XP level 23. HP: 190/192 MP: 0/0
 44545 | Vaults:5 | Learned a level 7 spell: Storm Form
 44561 | Vaults:5 | Noticed a golden dragon
 44578 | Vaults:5 | Killed a golden dragon
 44620 | Vaults:5 | Identified the +6 scale mail of Guimion {Dex+4}
 44622 | Vaults:5 | Identified the ring of Buth {Ice rCorr Int+4}
 44720 | Vaults:5 | Identified the +8 dagger "Midost" {holy, rElec rN+ Int+2
                  | Dex-5}
 45219 | Vaults:5 | Identified the ring "Trusted Companion" {Ice Str+3}
 45561 | Vaults:5 | Got a silver rune of Zot
 45661 | Vaults:5 | Identified the ring "Muovvyny" {+Blink rElec rC+ rN+++
                  | Str-2}
 46522 | Slime:1  | Entered Level 1 of the Pits of Slime
 46542 | Slime:1  | Gained mutation: You are robust. (+10% HP) [a shining eye]
 46546 | Slime:1  | Gained mutation: You occasionally shout uncontrollably at
                  | your foes. [a shining eye]
 47099 | Slime:2  | Reached XP level 24. HP: 212/218 MP: 0/0
 47821 | Slime:5  | Entered Level 5 of the Pits of Slime
 47969 | Slime:5  | Noticed the Royal Jelly
 47978 | Slime:5  | Killed the Royal Jelly
 48002 | Slime:5  | Identified the +9 whip "Demonslayer" {protect, Str+3}
 48006 | Slime:5  | Identified the ring "Zaamiq" {rC+ Will+ Str+2 Int+2}
 48007 | Slime:5  | Identified the Almanac of Wounds and Nephomancy
 48012 | Slime:5  | Got a slimy rune of Zot
 48048 | Slime:5  | Identified the ring "Kecs" {Will+ Str+3}
 48124 | Slime:5  | Gained mutation: You are partially covered in large bone
                  | plates. (SH +4) [a shining eye]
 48248 | Slime:3  | Found a corrupted altar of Lugonu.
 48254 | Slime:3  | Found a one-way gate to the infinite horrors of the Abyss.
 48573 | Depths:1 | Entered Level 1 of the Depths
 48641 | Depths:1 | Found a gateway to Hell.
 48802 | Depths:1 | Paralysed by a floating eye for 3 turns
 49012 | Depths:1 | Found a burning altar of Makhleb.
 49067 | Depths:1 | Reached ***** piety under Ashenzari
 49166 | Depths:1 | Reached XP level 25. HP: 214/232 MP: 0/0
 49166 | Depths:1 | Learned a level 9 spell: Dragon's Call
 49327 | Depths:1 | Reached skill level 14 in Evocations
 49612 | Depths:2 | Found Byrat's General Store.
 49672 | Depths:2 | Bought 3 scrolls of teleportation for 153 gold pieces
 49725 | Depths:2 | Found a one-way gate leading to the halls of Pandemonium.
 49773 | Depths:2 | Noticed Saint Roka
 49781 | Depths:2 | Killed Saint Roka
 49805 | Depths:2 | Reached skill level 15 in Evocations
 50112 | Depths:2 | Reached skill level 16 in Evocations
 50832 | Depths:3 | Found a one-way gateway to a ziggurat.
 50843 | Depths:3 | Noticed Frederick
 50869 | Depths:3 | Killed Frederick
 51014 | Depths:3 | Reached skill level 17 in Evocations
 51491 | Depths:3 | Identified the +4 mace of Sygi {heavy, +Blink rElec rF+
                  | Dex+2}
 51510 | Depths:3 | Noticed Grunn
 51525 | Depths:3 | Killed Grunn
 51702 | Depths:4 | Entered Level 4 of the Depths
 51912 | Depths:4 | Found a gate to the Realm of Zot.
 52087 | Depths:4 | Reached XP level 26. HP: 242/242 MP: 0/0
 52239 | Depths:4 | Reached skill level 15 in Stealth
 52395 | Depths:4 | Found a runed translucent gate.
 52395 | Depths:4 | Found a runed translucent gate.
 52395 | Depths:4 | Found a runed translucent gate.
 52396 | Depths:4 | Found an opulent altar of Gozag.
 52397 | Depths:4 | Found Yczuwuxt's Assorted Antiques.
 52397 | Depths:4 | Noticed MrSquiggles's ghost (adept MiFi)
 52399 | Depths:4 | Noticed a juggernaut
 53163 | D:14     | Found the amulet of the Four Winds {rN+ Will+++ Clar}
 53404 | Vaults:4 | You paid a toll of +4 ice dragon scales to enter a treasure
                  | trove
 53405 | Trove    | Entered a treasure trove
 53407 | Trove    | Identified the ring of Pile {Fly rElec Str+3}
 53407 | Trove    | Identified the amulet "Goedoph" {Acrobat *Slow Str+5 Dex+3}
 53407 | Trove    | Identified the ring of Incredulity {EV+5 Str-3 Dex+5}
 53407 | Trove    | Identified the ring of Afedof {Drain rPois rN+ Will+++
                  | Int+6 Slay-6}
 53407 | Trove    | Identified the amulet of Icohosh {Acrobat rN+ Will+++ Int+4
                  | Stlth-}
 53407 | Trove    | Identified the amulet "Mashroiki" {Acrobat rCorr Dex-3
                  | Slay+4 Stlth+}
 53408 | Trove    | Identified the ring of the Shifting Gods {rPois EV+5 Dex+2}
 53409 | Trove    | Identified the amulet "Hann" {RegenMP Str+3 Int+2 Dex-4}
 53409 | Trove    | Found the ring of the Tortoise {AC+8}
 53409 | Trove    | Identified the amulet of Qeycream {Acrobat rN++}
 53768 | Zot:1    | Entered Level 1 of the Realm of Zot
 54011 | Zot:1    | Identified the +2 ring mail of Weightlessness {Slay+2}
 54346 | Zot:1    | Reached skill level 1 in Shields
 55370 | Zot:2    | Identified Sif Muna's Monograph on Exhalation
 56123 | Zot:3    | Identified the +1 rapier "Jellybane" {drain, Dex+2}
 56252 | Zot:3    | Identified the +11 short sword "Dyroacs" {speed, rN+}
 56329 | Zot:3    | Reached skill level 5 in Shields
 56770 | Zot:4    | Found the +8 Vampire's Tooth {megavamp}
 56805 | Zot:4    | Reached XP level 27. HP: 147/246 MP: 0/0
 56805 | Zot:4    | Learned a level 9 spell: Death's Door
 56807 | Zot:4    | Reached skill level 18 in Evocations
 57012 | Zot:4    | Noticed a Killer Klown
 57024 | Zot:4    | Killed a Killer Klown
 58317 | Zot:5    | Entered Level 5 of the Realm of Zot
 58932 | Zot:5    | Noticed a dread lich
 58937 | Zot:5    | Killed a dread lich
 58948 | Zot:5    | Noticed an orb of fire
 58951 | Zot:5    | Reached skill level 19 in Evocations
 58967 | Zot:5    | Killed an orb of fire
 59078 | Zot:5    | Noticed an orb of fire
 59078 | Zot:5    | Noticed a dread lich
 59079 | Zot:5    | Lost mutation: You are robust. (+10% HP) [an orb of fire]
 59083 | Zot:5    | Gained mutation: You frequently scream uncontrollably at
                  | your foes. [an orb of fire]
 59084 | Zot:5    | Gained mutation: You are dopey. (Int -2) [an orb of fire]
 59092 | Zot:5    | Killed an orb of fire
 59093 | Zot:5    | Noticed a Killer Klown
 59100 | Zot:5    | Killed a Killer Klown
 59102 | Zot:5    | Killed a dread lich
 59152 | Zot:5    | Noticed an orb of fire
 59153 | Zot:5    | Gained mutation: Armour fits poorly on your strangely
                  | shaped body. [an orb of fire]
 59164 | Zot:5    | Killed an orb of fire
 59174 | Zot:5    | Noticed an ancient lich
 59175 | Zot:5    | Noticed a dread lich
 59179 | Zot:5    | Killed an ancient lich
 59180 | Zot:5    | Reached skill level 20 in Evocations
 59270 | Zot:5    | Noticed an orb of fire
 59272 | Zot:5    | Noticed a Killer Klown
 59273 | Zot:5    | Noticed a Killer Klown
 59274 | Zot:5    | Killed an orb of fire
 59281 | Zot:5    | Killed a Killer Klown
 59283 | Zot:5    | Killed a Killer Klown
 59287 | Zot:5    | Reached skill level 21 in Evocations
 59298 | Zot:5    | Noticed a Killer Klown
 59315 | Zot:5    | Killed a Killer Klown
 59416 | Zot:5    | Noticed an ancient lich
 59418 | Zot:5    | Killed a dread lich
 59421 | Zot:5    | Noticed a Killer Klown
 59422 | Zot:5    | Killed an ancient lich
 59426 | Zot:5    | Killed a Killer Klown
 59512 | Zot:5    | Noticed a dread lich
 59525 | Zot:5    | Killed a dread lich
 59891 | Zig:1    | Entered Level 1 of a ziggurat
 59907 | Zig:2    | Entered Level 2 of a ziggurat
 59929 | Zig:3    | Entered Level 3 of a ziggurat
 59952 | Zig:4    | Entered Level 4 of a ziggurat
 60100 | Zig:5    | Entered Level 5 of a ziggurat
 60104 | Zig:5    | Identified the +7 mace of Tewofutu {speed, Contam rC+ MP+9}
 60135 | Zig:6    | Entered Level 6 of a ziggurat
 60165 | Zig:6    | Reached skill level 22 in Evocations
 60167 | Zig:7    | Entered Level 7 of a ziggurat
 60172 | Zig:7    | Identified the +7 short sword of the Dragonfly {flame,
                  | *Rage rC++ Will+ rCorr}
 60249 | Zig:8    | Entered Level 8 of a ziggurat
 60254 | Zig:8    | Noticed a Killer Klown
 60255 | Zig:8    | Identified Ytufiryss's Quarto of the Ground
 60264 | Zig:8    | Killed a Killer Klown
 60331 | Zig:9    | Entered Level 9 of a ziggurat
 60340 | Zig:9    | Identified the +5 chain mail of Salvation {+Blink}
 60341 | Zig:9    | Noticed an ancient lich
 60341 | Zig:9    | Identified the +5 falchion "Worm" {antimagic, rElec rC+
                  | rN++}
 60343 | Zig:9    | Identified the +2 battleaxe of the Tooth {elec, rCorr MP+9
                  | Int+4}
 60349 | Zig:9    | Killed an ancient lich
 60395 | Zig:10   | Entered Level 10 of a ziggurat
 60407 | Zig:10   | Identified the +7 great sword of Resumed Hostilities
                  | {freeze, Stlth+}
 60410 | Zig:10   | Identified the ring "Liew" {Fire Stlth+}
 60455 | Zig:11   | Entered Level 11 of a ziggurat
 60477 | Zig:11   | Noticed an orb of fire
 60498 | Zig:11   | Killed an orb of fire
 60510 | Zig:11   | Identified the +7 chain mail of Leuckoz {Int+3}
 60511 | Zig:11   | Identified the +4 short sword of Defence {flame, *Corrode
                  | rElec Dex+2 Stlth+}
 60512 | Zig:11   | Found the +13 scythe of Curses {drain, curses, Drain}
 60512 | Zig:11   | Identified the +1 scale mail of the Sneaky Ziggurats {rF+
                  | rC- Stlth+}
 60590 | Zig:12   | Entered Level 12 of a ziggurat
 60603 | Zig:12   | Identified the ring of Kodef {rElec Str+4 Dex+7 Slay+4}
 60603 | Zig:12   | Identified Umeokla's Teachings on Putridity and
                  | Confrontation
 60604 | Zig:12   | Identified the +8 chain mail "Vicuoth" {rF- Regen+ SInv}
 60604 | Zig:12   | Identified the +6 falchion "Orb Guardian's Peril" {flame,
                  | *Rage Fly rElec rC+}
 60638 | Zig:12   | Reached skill level 10 in Shields
 60657 | Zig:13   | Entered Level 13 of a ziggurat
 60673 | Zig:13   | Identified the ring "Dualul" {rF+++ rC- Will+ Int-4 Slay+5}
 60675 | Zig:13   | Reached skill level 1 in Throwing
 60681 | Zig:13   | Identified the amulet "Afroqac" {Spirit Rampage Dex+3}
 60963 | Zig:14   | Entered Level 14 of a ziggurat
 61020 | Zig:14   | Reached skill level 23 in Evocations
 61033 | Zig:15   | Entered Level 15 of a ziggurat
 61048 | Zig:15   | Noticed a royal mummy
 61053 | Zig:15   | Reached skill level 15 in Armour
 61053 | Zig:15   | Noticed a royal mummy
 61053 | Zig:15   | Killed a royal mummy
 61062 | Zig:15   | Killed a royal mummy
 61087 | Zig:15   | Reached skill level 5 in Throwing
 61092 | Zig:15   | Identified Izuippups's Codex of Arson and Death
 61093 | Zig:15   | Found the ring of Shadows {Umbra +Inv Stlth+}
 61093 | Zig:15   | Identified the +1 crystal plate armour of the Singing Gods
                  | {Rampage *Corrode Will- Int+4}
 61093 | Zig:15   | Identified the +2 leather armour of the Wasteland {Contam
                  | rF++ Int+9}
 61393 | Zot:5    | Got the Orb of Zot
 61898 | D:$      | Escaped with the Orb!

Illustrated notes

Levels and vault maps discovered:
D:1:      psy_arrival_terrarium, layout_rooms, serial_co_window_serial,
          co_window_paths_a, co_window_corner_a, co_window_of_opportunity_a,
          co_window_corner_a, co_window_paths_a, co_window_of_opportunity_b,
          co_window_cross_2, co_window_broadway_b, co_window_2corner,
          co_window_cross_3, co_window_4corner_b, co_window_4corner_a,
          glass_columns_b, glass_columns_c, glass_columns_b, glass_columns_b,
          glass_columns_a
D:2:      cheibrodos_old_hovel, layout_loops_ring
D:3:      layout_basic, minmay_misc_feat_encased
D:4:      layout_cave_pods, minmay_misc_feat_diagonals
D:5:      layout_rooms
D:6:      layout_basic, kennysheep_okawaru_gauntlet, temple_green, uniq_edmund
D:7:      layout_loops_ring, kennysheep_little_box
D:8:      cheibrodos_statue_roulette, layout_loops_corners, enter_ossuary_2,
          uniq_maurice
D:9:      layout_long_grid, special_room [special_room_orc]
D:10:     layout_cave_pods, grunt_lair_entry_orc_guard_hut, uniq_josephine
D:11:     layout_long_grid, minmay_parallelograms
D:12:     layout_roguey, erik_orc_4, uniq_psyche
D:13:     layout_rooms, grunt_vaults_entry_tiered, serial_shops,
          nicolae_shop_hallway_plus, st_stairs_8,
          nicolae_ru_the_path_less_chosen
D:14:     layout_rooms, gammafunk_ghost_hydra_chop, grunt_gozag_breadcrumbs,
          minmay_crystal_box, uniq_nessos
D:15:     grunt_enter_depths_snipers, layout_loops_corners,
          minmay_gold_behind_fungi
Temple:   mainiacjoe_temple_cubbyholes
Lair:1:   layout_roguey, cheibrodos_lair_lostbears
Lair:2:   layout_regular_city, minmay_shoals_entry_lonely_mermaid,
          minmay_snake_entry_guardpost_small, grunt_megastairs_4
Lair:3:   regret_index_bee_streams, layout_regular_city, forest_entry_grove,
          serial_bayou_shore_a
Lair:4:   minmay_lair_oklob_chamber, layout_cave_pods,
          nicolae_slime_entry_field_trip, lemuel_fruit_tree
Lair:5:   cheibrodos_lair_end_hotspot, layout_regular_city,
          gauntlet_entry_generic
Shoals:1: layout_shoals
Shoals:2: layout_shoals
Shoals:3: layout_shoals, uniq_ilsuiw
Shoals:4: shoals_end_grunt_ice, layout_shoals, uniq_roxanne
Snake:1:  layout_grid_maze, uniq_aizul, uniq_jorgrun, uniq_donald
Snake:2:  layout_onion, guppyfry_library_mini, serial_bayou_shore_b,
          minmay_shop_grove
Snake:3:  layout_rooms, serial_shops, shop, grunt_ministairs_8,
          nicolae_snake_flat_spine
Snake:4:  minmay_snake_end_coiled, layout_misc_corridors
Slime:1:  layout_caves
Slime:2:  layout_caves
Slime:3:  layout_caves, amcnicky_altar_lugonu_corruption
Slime:4:  layout_caves
Slime:5
Orc:1:    layout_caves, portal_ice_cave_entry_pillars_1, basic_altar,
          nicolae_orc_stony_grotto
Orc:2:    kennysheep_orc_mage_school, layout_diamond_mine
Elf:1:    minmay_elf_arrival_summoners, layout_onion_city, serial_shops,
          nicolae_shop_temple_entry_statues_fountains, evilmike_minifort
Elf:2:    nicolae_elf_blades_splatter_lattice
          [nicolae_blade_entry_crossed_weapons], layout_geoelf_diagonals,
          serial_glass, glass_columns_a, glass_columns_c, glass_columns_b,
          glass_columns_c, feat_on_display, feat_on_display, serial_shops, shop,
          st_stairs_5
Elf:3:    minmay_elf_hall_x, layout_geoelf_octagon, serial_shops, shop,
          dreamdust_mushroom_princess, lemuel_statue_altar
Vaults:1: v_misc_8, vaults_room_boxed, vaults_room_stairs_pillars,
          grunt_vaults_hallway_long, vaults_dpeg_diagonal,
          vaults_mumra_minichess, nicolae_vaults_triangles,
          nicolae_vaults_theta, v_misc_12, layout_vaults_omnicross, uniq_nikola
Vaults:2: v_misc_25, nicolae_vaults_diagonal_hallway_6,
          nicolae_vaults_little_squares_3, dpeg_vaults_pockets_of_resistance,
          vaults_room_fours, v_misc_31, grunt_vaults_diagonal,
          vaults_room_pools, layout_vaults_omnigrid, serial_glass, uniq_mara
Vaults:3: hangedman_vaults_stretched_pinwheel, v_misc_5,
          hangedman_vaults_stretched_pinwheel, vaults_dpeg_emergency_exit,
          layout_vaults_maze, serial_shops, shop
Vaults:4: gammafunk_ghost_arena, nicolae_vaults_ring_of_whatevers,
          vaults_dpeg_cross, nicolae_vaults_twisting_passages,
          ontoclasm_vaults_ring_small, st_diamondy, dpeg_vaults_monster_row,
          vaults_room_grid, nicolae_vaults_diagonal_hallway_8, v_misc_19,
          vaults_room_fours, grunt_vaults_hallway_long,
          hangedman_vaults_stretched_pinwheel, layout_vaults_ring, serial_shops,
          shop, enter_trove_1, uniq_sojobo, uniq_margery
Vaults:5
Depths:1: layout_roguey, lemuel_crystal_altar, hellmouth_3, minmay_statues_item,
          nicolae_concentric_dashed_squares_wild, kennysheep_flooded_box,
          onia_ninara_cookie
Depths:2: hangedman_elemental_death_ray, layout_basic, grunt_metal_band,
          serial_shops, shop, grunt_pan_entry_sceptre, nicolae_vehumet_radiance,
          uniq_saint_roka
Depths:3: minmay_octo_star, layout_basic, enter_ziggurat_e,
          chequers_serial_rivers_micro_d, abyss_entry_small_statue_room,
          hangedman_coc_ice_floe, uniq_josephina, uniq_frederick, uniq_grunn
Depths:4: grunt_crosshair, layout_gridlike, rand_demon_pan_entry_9,
          grunt_hell_entry_dis_mu, ebering_ghost_gozag
Zot:1:    layout_basic, st_large_dragon_hoard_3
Zot:2:    kennysheep_spiral_hall, layout_misc_corridors, st_stairs_4,
          grunt_megastairs_3
Zot:3:    layout_basic
Zot:4:    kennysheep_room_grid, layout_misc_corridors, grunt_ministairs_3
Zot:5:    layout_gridlike

Skill      XL: |  1  2  3  4  5  6  7  8  9 10 11 12 13 14 15 16 17 18 19 20 21 22 23 24 25 26 27 |
---------------+----------------------------------------------------------------------------------+-----
Fighting       | 1 2 3 4 6 7 9 10 11 12 13 14 15 16 17 18 19 20 21 | 21.0
Stealth        | 2 3 4 5 6 7 8 9 11 12 13 14 16 18 | 18.9
Spellcasting   | 4 5 7 8 10 11 12 13 14 15 16 17 18 19 20 | 20.8
Armour         | 3 6 7 8 10 11 12 15 | 15.1
Dodging        | 4 7 9 10 11 12 13 14 15 16 20 22 | 22.4
Short Blades   | 6 7 |  7.2
Evocations     | 1 4 7 8 9 10 11 13 17 23 | 23.2
Shields        | 5 10 | 10.1
Throwing       | 5 |  5.1

Action                     |  1- 3 |  4- 6 |  7- 9 | 10-12 | 13-15 | 16-18 | 19-21 | 22-24 | 25-27 || total
---------------------------+-------+-------+-------+-------+-------+-------+-------+-------+-------++-------
  Melee: Flail             |     6 |       |       |       |       |       |       |       |       ||     6
         Dagger            |     8 |     7 |     8 |    25 |    25 |       |       |       |       ||    73
         Punch             |       |     1 |       |       |       |       |       |       |       ||     1
         Pair of quick bla |       |       |       |       |   558 |   968 |  1540 |   769 |  1123 ||  4958
  Throw: Dart              |       |       |       |       |     1 |       |       |       |       ||     1
   Cast: Magic Dart        |    50 |   114 |   137 |   225 |   142 |       |       |       |       ||   668
         Searing Ray       |     1 |     2 |     8 |    31 |     2 |       |       |       |       ||    44
         Sting             |     3 |     7 |       |     1 |       |       |       |       |       ||    11
         Teleport Other    |       |       |     4 |       |       |       |       |       |       ||     4
         Fulminant Prism   |       |       |    23 |   141 |     6 |       |       |       |       ||   170
         Iskenderun's Myst |       |       |     8 |     9 |    45 |     2 |       |       |       ||    64
         Kindle Blastspark |       |       |     8 |    26 |    13 |       |       |       |       ||    47
         Freezing Cloud    |       |       |       |       |    93 |    56 |     9 |     1 |     1 ||   160
         Wereblood         |       |       |       |       |    31 |    47 |    38 |    26 |    46 ||   188
         Death Channel     |       |       |       |       |    20 |    46 |    40 |    26 |    44 ||   176
         Summon Hydra      |       |       |       |       |       |     9 |     9 |     5 |     7 ||    30
         Enfeeble          |       |       |       |       |       |       |     3 |     2 |     5 ||    10
         Ignition          |       |       |       |       |       |       |    15 |   181 |   168 ||   364
         Dragon's Call     |       |       |       |       |       |       |       |       |    47 ||    47
         Death's Door      |       |       |       |       |       |       |       |       |     1 ||     1
 Invoke: Curse Item        |       |       |       |     3 |     3 |     2 |     2 |     2 |     2 ||    14
         Shatter the Chain |       |       |       |       |     3 |     1 |     1 |     1 |     1 ||     7
  Evoke: Wand              |       |       |     2 |       |     5 |       |       |       |     3 ||    10
         Tin of tremorston |       |       |       |       |       |     2 |     3 |       |       ||     5
         Box of beasts     |       |       |       |       |       |       |       |     2 |     1 ||     3
         Condenser vane    |       |       |       |       |       |       |       |       |     2 ||     2
    Use: Potion            |       |     2 |       |       |     1 |     2 |     1 |     2 |    13 ||    21
         Scroll            |       |       |     7 |     7 |     1 |     3 |     8 |     1 |     5 ||    32
   Stab: Sleeping          |     1 |     1 |       |       |     6 |    20 |    16 |     7 |     9 ||    60
         Distracted        |       |       |       |       |     2 |     7 |    15 |     8 |    29 ||    61
         Fleeing           |       |       |       |       |       |     4 |       |       |       ||     4
         Invisible         |       |       |       |       |       |       |     2 |       |       ||     2
 Armour: Robe              |     4 |     1 |    14 |    23 |       |       |       |       |       ||    42
         Troll leather arm |       |       |       |    21 |   133 |   227 |   308 |   189 |   242 ||  1120
  Dodge: Dodged            |    13 |    23 |    47 |    87 |   289 |   608 |   665 |   283 |   533 ||  2548
  Block: Other             |       |     2 |     9 |    35 |    67 |       |       |    20 |    75 ||   208
         Reflection        |       |       |       |     2 |     6 |       |       |       |       ||     8

Table legend: (Time is in decaauts)
 A = Elapsed time spent in this place.
 B = Non-inter-level travel time spent in this place.
 C = Inter-level travel time spent in this place.
 D = Time resting spent in this place.
 E = Time spent auto-exploring this place.
 F = Levels seen in this place.
 G = Mean time per level.
                   A        B        C        D        E       F      G
               +--------+--------+--------+--------+--------+-----+--------+
         Total |  58486 |  51687 |   6799 |   6711 |  32028 |  72 |  812.3 |
       Dungeon |  19602 |  16849 |   2753 |   3832 |  10110 |  15 | 1306.8 |
        Temple |    230 |    178 |     52 |      0 |    172 |   1 |  230.0 |
          Lair |   6074 |   5374 |    700 |    824 |   3168 |   5 | 1214.8 |
        Shoals |   3637 |   3481 |    156 |    203 |   2209 |   4 |  909.2 |
     Snake Pit |   3374 |   3158 |    216 |    164 |   2189 |   4 |  843.5 |
    Slime Pits |   1826 |   1677 |    149 |    196 |    978 |   5 |  365.2 |
  Orcish Mines |   1243 |   1138 |    105 |      0 |    867 |   2 |  621.5 |
   Elven Halls |   2688 |   2440 |    248 |     42 |   1913 |   3 |  896.0 |
        Vaults |   6875 |   5993 |    882 |    254 |   3814 |   5 | 1375.0 |
        Depths |   4603 |   3854 |    749 |    177 |   2722 |   4 | 1150.8 |
           Zot |   5382 |   4598 |    784 |    382 |   3074 |   5 | 1076.4 |
      Ziggurat |   1241 |   1241 |      0 |    450 |      0 |  15 |   82.7 |
         Trove |     56 |     56 |      0 |      0 |      2 |   1 |   56.0 |
       Ossuary |    594 |    594 |      0 |     84 |    374 |   1 |  594.0 |
      Ice Cave |    608 |    608 |      0 |      3 |    305 |   1 |  608.0 |
      Gauntlet |    443 |    443 |      0 |    100 |    131 |   1 |  443.0 |
               +--------+--------+--------+--------+--------+-----+--------+

Top non-repeatable levels by time:
     D:6: 2091 daAuts
     D:8: 1879 daAuts
Vaults:2: 1871 daAuts
Vaults:4: 1584 daAuts
  Lair:2: 1542 daAuts
     D:5: 1525 daAuts
     D:4: 1483 daAuts
   Zot:5: 1440 daAuts
    D:13: 1431 daAuts
Depths:4: 1413 daAuts
     D:9: 1402 daAuts
    D:11: 1387 daAuts
Vaults:5: 1362 daAuts
   Zot:1: 1347 daAuts
    D:10: 1332 daAuts
